AoeStats
← Jayklops

Arabia

510720827Analyzed
1v1 RM · 22h ago on Oct 2, 2026· 34m 18s· 2 players
Game mode
Random Map
Map size
Tiny (2 player)
Population
200
Speed
Normal
Resources
Standard
Victory
Conquest
Starting age
Dark Age
Ending age
Imperial Age
RankedLock teamsTeams togetherTeam positionsShared explorationLock speedFull tech treeHidden civsTurbo modeCheats
Victory
Defeat
🇩🇪 Wei · Germany
1984
+11
🇨🇭 Ethiopians · Switzerland
1863
-11
Jayklops
6:05 Loom
8:48 Feudal Age
8:59 Man-at-Arms
10:20 Double-Bit Axe
13:50 Horse Collar
18:11 Padded Archer Armor
22:03 Castle Age
20:39 Fletching
22:06 Wheelbarrow
22:21 Bloodlines
22:08 Gold Mining
22:41 Bodkin Arrow
23:16 Husbandry
24:04 Ballistics
25:29 Bow Saw
25:47 Heavy Plow
29:08 Scale Barding Armor
30:42 Chain Barding Armor
31:11 Leather Archer Armor
32:04 Hand Cart
Wingardium Leviosa
6:13 Loom
8:46 Feudal Age
8:58 Man-at-Arms
9:44 Double-Bit Axe
20:43 Castle Age
19:05 Fletching
20:13 Horse Collar
21:51 Scale Barding Armor
22:10 Bodkin Arrow
22:06 Elite Skirmisher
23:19 Padded Archer Armor
25:37 Leather Archer Armor
25:57 Bow Saw
30:29 Ballistics
31:02 Crossbowman
Connection lost

Rejoining the realm…

Still unreachable

The connection could not be restored.

Session expired

The server has moved on; the page needs a fresh start.